 Dungeon Crawl Stone Soup version 0.31-a0-859-g9dce7d3444 (webtiles) character file.

Game seed: 4716252349866853963

2237 Dirtsage the Mimic (level 9, -3/61 HPs)
             Began as an Octopode Shapeshifter on Oct 9, 2023.
             Was a Priest of Wu Jian.
             Slain by a gnoll sergeant
             ... wielding a +0 spear
              (9 damage)
             ... on level 7 of the Dungeon.
             The game lasted 00:12:24 (6238 turns).

Dirtsage the Mimic (Octopode Shapeshifter)          Turns: 6238, Time: 00:12:25

Health: -3/61      AC:  5    Str: 17    XL:     9   Next: 36%
Magic:  18/18      EV: 13    Int: 12    God:    Wu Jian [***...]
Gold:   360        SH:  0    Dex: 12    Spells: 8/8 levels left

rFire   . .          .
                       - Unarmed
rCold   . . .        (no shield)
rNeg    . . .        (helmet currently unavailable)
rPois   .            k - amulet of regeneration
rElec   .            d - +4 ring of protection
rCorr   .            e - ring of magical power
SInv    .            v - ring of willpower
Will    +....        (no ring)
Stlth   ++           (no ring)
HPRegen 1.10/turn    (no ring)
MPRegen 0.16/turn    (no ring)
                     (no ring)

%: no passive effects
@: beast-form
A: beast (slay +4), almost no armour, amphibious, 8 rings, camouflage 1,
gelatinous body 1, (nimble swimmer 1), tentacles
a: Begin Untransformation, Renounce Religion, Wall Jump, Serpent's Lash


You were on level 7 of the Dungeon.
You worshipped Wu Jian.
Wu Jian was most pleased with you.
You were a hulking beast.
You visited 2 branches of the dungeon, and saw 8 of its levels.
You also visited: Sewer.

You collected 360 gold pieces.

Inventory:

Missiles
 r - a curare-tipped dart
 w - 2 throwing nets
Jewellery
 d - a +4 ring of protection (left tentacle)
 e - a ring of magical power (right tentacle)
 k - an amulet of regeneration (around mantle)
 u - an amulet of the acrobat
 v - a ring of willpower (on tentacle)
Talismans
 b - a beast talisman (active)
 c - a flux talisman
Wands
 m - a wand of acid (4)
 o - a wand of iceblast (7)
Scrolls
 g - 2 scrolls of fear
 h - 4 scrolls of noise
 i - a scroll of identify
 j - 5 scrolls of revelation
 p - a scroll of enchant weapon
 s - a scroll of fog
 t - 3 scrolls of teleportation
 x - a scroll of amnesia
 B - a scroll of blinking
Potions
 a - 2 potions of lignification
 f - 2 potions of enlightenment
 l - a potion of heal wounds
 n - a potion of resistance
 q - 2 potions of curing
 y - a potion of cancellation
 z - a potion of mutation {unknown}


   Skills:
 + Level 5.6 Fighting
 - Level 2.0 Dodging
 + Level 7.1 Unarmed Combat
 * Level 8.5 Shapeshifting


You had 8 spell levels left.
You didn't know any spells.
Your spell library contained the following spells:

 Spells                   Type           Power      Damage    Failure   Level
 Summon Small Mammal      Summ           0%         N/A       32%         1
 Lesser Beckoning         Tloc           0%         N/A       45%         2
 Static Discharge         Conj/Air       0%         2-2/arc   45%         2
 Sublimation of Blood     Necr           0%         N/A       45%         2
 Call Canine Familiar     Summ           0%         N/A       69%         3
 Gell's Gravitas          Tloc           0%         N/A       69%         3
 Summon Guardian Golem    Hex/Summ       0%         N/A       69%         3
 Teleport Other           Tloc           0%         N/A       69%         3
 Airstrike                Air            0%         2d(0-16)  97%         4
 Petrify                  Tmut/Erth      0%         N/A       97%         4
 Summon Lightning Spire   Summ/Air       0%         N/A       97%         4
 Irradiate                Conj/Tmut      0%         3d11      100%        5
 Chain Lightning          Conj/Air       0%         N/A       100%        9
 Fire Storm               Conj/Fire      0%         5d1       100%        9
 Shatter                  Erth           0%         3d5*      100%        9


Dungeon Overview and Level Annotations

Branches:
Dungeon (7/15)             Temple (1/1) D:5           Sewer (visited)

Altars:
Ashenzari
Cheibriados
Dithmenos
Elyvilon
Fedhas
Gozag
Hepliaklqana
Kikubaaqudgha
Makhleb
Nemelex Xobeh
Okawaru
Qazlal
Ru
Sif Muna
Trog
Uskayaw
Vehumet
Wu Jian
Xom
Yredelemnul
Zin
The Shining One

Shops:
D:4 :

Annotations:
D:6 3 runed translucent doors, t4s4d4r's ghost, amateur DEEE


Innate Abilities, Weirdness & Mutations

You are a hulking beast.
Your limbs bulge with bestial killing power. (Slay +4)
You cannot wear most types of armour.
You are amphibious.
You can wear up to eight rings at the same time.
Your skin changes colour to match your surroundings (Stealth+).
Your rubbery body absorbs attacks. (AC +1, EV +1)
((You are camouflaged when in or above water. (Stealth+)))
You have tentacles for arms and can constrict up to eight enemies at once.


Message History

You constrict the bullfrog.
The bullfrog hits you but does no damage.
The bullfrog hits you.
You bludgeon the bullfrog!
You kill the bullfrog!
The Council accepts your kill.
Health restored: 61 You lunge at the orc warrior.
You closely miss the orc warrior. You grab the orc warrior.
You tentacle-slap the orc warrior.
The orc warrior is lightly wounded.
You constrict the orc warrior.
The orc warrior hits you with a +0 battleaxe!
You take 12 damage, and have 49/61 hp.
You tentacle-slap the orc warrior but do no damage.
The orc warrior is lightly wounded.
You constrict the orc warrior.
The orc warrior hits you with a +0 battleaxe.
You take 3 damage, and have 46/61 hp.
You tentacle-slap the orc warrior but do no damage.
You squeeze the orc warrior.
The orc warrior is moderately wounded.
You constrict the orc warrior, but do no damage.
The orc warrior closely misses you.
The gnoll sergeant hits you from afar with a +0 spear.
You take 6 damage, and have 40/61 hp.
You tentacle-slap the orc warrior but do no damage.
You squeeze the orc warrior!
The orc warrior is severely wounded.
You constrict the orc warrior.
The orc warrior hits you with a +0 battleaxe!
The gnoll sergeant hits you from afar with a +0 spear.
You take 14 damage, and have 26/61 hp.
MASSIVE DAMAGE!!
You tentacle-slap the orc warrior but do no damage.
You squeeze the orc warrior.
The orc warrior is almost dead.
You constrict the orc warrior, but do no damage.
The orc warrior hits you with a +0 battleaxe!!
* * * LOW HITPOINT WARNING * * *
The gnoll sergeant hits you from afar with a +0 spear!
You die...

.. #.....###. #.# ##[####... ..
#..#...## #.# .##..)###. #.##..
.##.. #.. #.###...
###........##.####...#####...##
+..........##..#...###.#...#.#.
#......#...# #...###.g.##.##...
#......#...#.#h###.oo#..#..#...
##..........#.#o#...####o##.##..
..............#og.###.o)..#..#..
#......<......##.##...o##.##.###
###...........##..#...g #..#..#.
#.###...#.#.###.##.. ##.##...
#......##.#.# #..#..###.....##
#.....##....# ##.####...#####.
##......[..#.# #..#...### #.


You could see an orc warrior, a gnoll sergeant and an orc.

Vanquished Creatures
  3 sky beasts (D:7)
  3 ice beasts (D:5)
  An ogre (D:5)
  3 centaurs
  3 kobold brigands
  A bullfrog (D:7)
  Blork the orc (D:6)
  A gnoll sergeant (D:4)
  A scorpion (D:5)
  2 howler monkeys
  A hound (D:5)
  A jelly (D:7)
  6 orc priests
  2 sleepcaps (D:6)
  A gnoll bouda (D:4)
  An iguana (D:4)
  Ijyb (D:3)
  2 orc wizards (D:6)
  11 gnolls
  13 adders
  A river rat (Sewer)
  A shadow imp (D:6)
  A white imp (D:6)
  An ufetubus (D:6)
  2 worms (D:3)
  A dart slug (D:3)
  22 orcs
  5 ball pythons
  8 endoplasms
  A giant cockroach (D:3)
  5 goblins
  11 hobgoblins
  5 jackals
  19 kobolds
  6 quokkas
  3 bats
  12 frilled lizards
  13 rats
175 creatures vanquished.

Notes
Turn   | Place    | Note
-------+----------+-------------------------------------------
     0 | D:1      | Dirtsage the Octopode Shapeshifter began the quest for the
                  | Orb.
     0 | D:1      | Reached XP level 1. HP: 13/13 MP: 1/1
   192 | D:1      | Reached XP level 2. HP: 18/18 MP: 2/2
   554 | D:1      | Reached XP level 3. HP: 21/23 MP: 3/3
  1238 | D:2      | Reached XP level 4. HP: 27/28 MP: 4/4
  1686 | D:3      | Noticed Ijyb
  1692 | D:3      | Killed Ijyb
  1693 | D:3      | Reached skill level 4 in Shapeshifting
  1852 | D:3      | Found an ornate altar of the Wu Jian Council.
  1858 | D:3      | Became a worshipper of the Wu Jian Council
  1883 | D:3      | Reached XP level 5. HP: 33/33 MP: 5/5
  1890 | D:3      | Found a glowing drain.
  1899 | Sewer    | Entered a sewer
  1902 | Sewer    | Noticed a kobold brigand
  1909 | Sewer    | Killed a kobold brigand
  2025 | Sewer    | Noticed a kobold brigand
  2035 | Sewer    | Killed a kobold brigand
  2036 | Sewer    | Reached skill level 5 in Shapeshifting
  2036 | Sewer    | Reached XP level 6. HP: 22/39 MP: 6/6
  2087 | Sewer    | Reached * piety under Wu Jian
  2677 | D:3      | Reached skill level 5 in Unarmed Combat
  2967 | D:3      | Reached XP level 7. HP: 33/45 MP: 7/7
  3198 | D:4      | Found a shimmering altar of Xom.
  3203 | D:4      | Found a white marble altar of Elyvilon.
  3208 | D:4      | Found a shadowy altar of Dithmenos.
  3276 | D:4      | Found Jekil's Book Boutique.
  3410 | D:4      | Reached ** piety under Wu Jian
  3863 | D:4      | Found the +5 woodcutter's axe
  3867 | D:4      | Identified the +7 hand axe "Tuett" {drain, *Corrode rN+
                  | Str+4 Stlth+}
  3892 | D:4      | Found a burning altar of Makhleb.
  3985 | D:5      | Entered Level 5 of the Dungeon
  4107 | D:5      | Reached skill level 6 in Shapeshifting
  4192 | D:5      | Reached XP level 8. HP: 31/54 MP: 8/8
  4259 | D:5      | Reached skill level 7 in Shapeshifting
  4451 | D:5      | Found a staircase to the Ecumenical Temple.
  4456 | Temple   | Entered the Ecumenical Temple
  5148 | D:6      | Noticed Blork the orc
  5272 | D:6      | Found a runed translucent gate.
  5273 | D:6      | Found a runed translucent gate.
  5273 | D:6      | Found a runed translucent gate.
  5342 | D:6      | Killed Blork the orc
  5357 | D:6      | Reached *** piety under Wu Jian
  5454 | D:5      | Reached skill level 5 in Fighting
  5496 | D:6      | Reached XP level 9. HP: 49/61 MP: 9/9
  5531 | D:6      | Reached skill level 8 in Shapeshifting
  5578 | D:6      | Found an ancient bone altar of Kikubaaqudgha.
  5769 | D:6      | Noticed t4s4d4r's ghost (amateur DEEE)
  6238 | D:7      | Slain by a gnoll sergeant

Illustrated notes

Levels and vault maps discovered:
D:1:      erik_arrival_cave_to_civilisation [erik_arrival_cave_to_hall],
          layout_basic
D:2:      layout_basic
D:3:      layout_loops_cross, lemuel_round_altar, portal_sewer_entry_d,
          uniq_ijyb
D:4:      layout_cave_pods, minmay_overflow_temple_star_quad,
          general_overflow_altar, serial_shops, nicolae_book_shop_shelving,
          pf_guarded_unrand_woodcutter
D:5:      minmay_recursive_quarters, layout_basic,
          minmay_temple_entry_nine_rooms, hangedman_abyss_or_decor_slice,
          chequers_serial_rivers_micro_d
D:6:      layout_rooms, mainiacjoe_overflow_tiny_flanked, gammafunk_ghost_icy,
          uniq_blork_the_orc
D:7:      minmay_skewed_foursquare, layout_basic, grunt_decor_clamped,
          st_stairs_2
Temple:   eino_temple_scatter_basement

Skill      XL: |  1  2  3  4  5  6  7  8  9 |
---------------+----------------------------+-----
Unarmed Combat | 4 5 6 7 |  7.1
Shapeshifting  | 4 5 6 7 8 |  8.5
Fighting       | 2 3 5 |  5.6
Dodging        | |  2.0

Action                     |  1- 3 |  4- 6 |  7- 9 || total
---------------------------+-------+-------+-------++-------
  Melee: Unarmed           |    79 |   130 |   179 ||   388
         Tentacles         |    10 |    23 |    48 ||    81
         Constrict         |    16 |    33 |    44 ||    93
         Punch             |     2 |     4 |    12 ||    18
  Throw: Dart              |       |       |     1 ||     1
Ability: Lunge             |       |    14 |    21 ||    35
         Whirlwind         |       |       |     3 ||     3
  Evoke: Wand              |       |       |     1 ||     1
    Use: Scroll            |     6 |     2 |     8 ||    16
         Potion            |     1 |       |     2 ||     3
   Stab: Sleeping          |     8 |     4 |     1 ||    13
         Distracted        |       |     1 |     1 ||     2
 Armour: Skin              |    38 |    58 |    82 ||   178
  Dodge: Dodged            |    23 |    57 |    90 ||   170

Table legend: (Time is in decaauts)
 A = Elapsed time spent in this place.
 B = Non-inter-level travel time spent in this place.
 C = Inter-level travel time spent in this place.
 D = Time resting spent in this place.
 E = Time spent auto-exploring this place.
 F = Levels seen in this place.
 G = Mean time per level.
                   A        B        C        D        E       F      G
               +--------+--------+--------+--------+--------+-----+--------+
         Total |   6216 |   5972 |    244 |    403 |   4348 |   9 |  690.7 |
       Dungeon |   5757 |   5513 |    244 |    387 |   4025 |   7 |  822.4 |
        Temple |      1 |      1 |      0 |      0 |      0 |   1 |    1.0 |
         Sewer |    456 |    456 |      0 |     16 |    323 |   1 |  456.0 |
               +--------+--------+--------+--------+--------+-----+--------+

Top non-repeatable levels by time:
     D:5: 1333 daAuts
     D:4: 1015 daAuts
     D:1: 847 daAuts
     D:3: 836 daAuts
     D:2: 810 daAuts
     D:6: 476 daAuts
   Sewer: 456 daAuts
     D:7: 438 daAuts
  Temple: 1 daAuts
